 Dungeon Crawl Stone Soup version 0.21-a0-150-gc243083 (webtiles) character file.

10764 drasked the Grappler (level 11, 0/111 HPs)
             Began as a Troll Monk on July 26, 2017.
             Slain by a fire bat (7 damage)
             ... in a volcano.
             The game lasted 00:15:31 (8722 turns).

drasked the Grappler (Troll Monk)                   Turns: 8722, Time: 00:15:31

Health: 0/111      AC: 10    Str: 18    XL:     11   Next: 40%
Magic:  10/10      EV: 14    Int:  6    God:
Gold:   419        SH:  2    Dex: 13    Spells: 10/10 levels left

rFire    . . .     SeeInvis .     - Unarmed
rCold    + . .     Gourm    +   (no shield)
rNeg     . . .     Faith    .   N - +2 robe "Mack" {rPois Str-5 Slay+2 Stlth+}
rPois    +         Spirit   .   (helmet restricted)
rElec    .         Reflect  +   m - +2 cloak
rCorr    +         Harm     .   (gloves unavailable)
MR       .....                  (boots unavailable)
Stlth    +++.......             i - +2 amulet of reflection
HPRegen  0.68/turn              l - ring of protection from cold {rC+, !d}
MPRegen  0.12/turn              x - ring of resist corrosion

@: no status effects
A: unfitting armour, claws 3, fast metabolism 3, gourmand, regeneration 1,
shaggy fur 1, tough skin 2
a: no special abilities


You were in a volcano.
You were full.

You visited 3 branches of the dungeon, and saw 12 of its levels.
You also visited: Volcano.

You collected 419 gold pieces.

Inventory:

Hand Weapons
 y - the +8 spear of Hatred {flame, *Corrode rN+ Str+2 SInv, unknown}
   (You found it on level 5 of the Dungeon)

   It has been specially enchanted to burn those struck by it, causing extra
   injury to most foes and up to half again as much damage against particularly
   susceptible opponents.
   It affects your strength (+2).
   It protects you from negative energy.
   It lets you see invisible.
   It may corrode you when you take damage.
Armour
 a - a +0 robe
 m - a +2 cloak (worn)
   (You took it off Crazy Yiuf on level 3 of the Dungeon)
 L - a scarf of resistance
   (You found it on level 9 of the Dungeon)
 N - the +2 robe "Mack" (worn) {rPois Str-5 Slay+2 Stlth+}
   (You found it on level 8 of the Dungeon)

   It affects your strength (-5).
   It affects your accuracy and damage with ranged weapons and melee attacks
   (+2).
   It protects you from poison.
   It makes you more stealthy.
Jewellery
 i - a +2 amulet of reflection (around neck)
   (You found it on level 1 of the Dungeon)
 l - a ring of protection from cold (left claw) {rC+, !d}
   (You found it on level 2 of the Dungeon)
 x - a ring of resist corrosion (right claw)
   (You found it on level 5 of the Dungeon)
 H - an uncursed ring of magical power {MP+9}
   (You found it on level 7 of the Dungeon)
Wands
 o - a wand of polymorph (14/24)
   (You found it on level 4 of the Dungeon)
 K - a wand of disintegration (5/24)
   (You found it on level 8 of the Dungeon)
 R - a wand of disintegration (20/24)
   (You found it on level 1 of the Lair of Beasts)
Scrolls
 c - a scroll of noise {unknown}
 e - 8 scrolls of identify {unknown}
 f - 2 scrolls of recharging {unknown}
 j - 4 scrolls of remove curse
 p - 3 scrolls of fog {unknown}
 q - a scroll of amnesia {unknown}
 r - 2 scrolls of enchant armour {unknown}
 s - 3 scrolls of teleportation {unknown}
 t - 2 scrolls of enchant weapon {unknown}
 v - 3 scrolls of immolation {unknown}
 w - 3 scrolls of magic mapping {unknown}
Potions
 g - a potion of brilliance {unknown}
 h - a potion of flight {unknown}
 n - 3 potions of heal wounds {unknown}
 u - a potion of invisibility {unknown}
 A - 2 potions of curing
 B - a potion of resistance {unknown}
 C - 2 potions of agility {unknown}
 D - a potion of lignification {unknown}
 E - a potion of magic {unknown}
 F - 2 potions of mutation {unknown}
 G - a potion of ambrosia {unknown}
 O - a potion of might {unknown}
Books
 z - Yckaliu's Catalogue of Envenoming and Curses
   (You found it on level 5 of the Dungeon)

   Spells                             Type                      Level
   a - Sting                          Conjuration/Poison           1
   b - Ensorcelled Hibernation        Hexes/Ice                    2
   c - Mephitic Cloud                 Conjuration/Poison/Air       3
   d - Inner Flame                    Hexes/Fire                   3
   e - Discord                        Hexes                        8
 I - a book of Conjurations
   (You found it on level 8 of the Dungeon)
 M - a Young Poisoner's Handbook
   (You found it on level 8 of the Dungeon)
Miscellaneous
 P - a lamp of fire
   (You found it on level 1 of the Lair of Beasts)
Comestibles
 b - 8 bread rations {@e1}
 d - 12 fruits
 k - 3 meat rations {@e2}
 J - a royal jelly


   Skills:
 + Level 8.1 Fighting
 + Level 7.9 Dodging
 - Level 1.0 Stealth
 * Level 12.9 Unarmed Combat


You had 10 spell levels left.
You didn't know any spells.

Dungeon Overview and Level Annotations

Branches:
Dungeon (9/15)             Temple (1/1) D:5            Lair (2/6) D:9
    Orc (0/2) D:9
  Swamp: Lair:2-4    Shoals: Lair:2-4     Snake: Lair:2-4    Spider: Lair:2-4

Altars:
Ashenzari
Cheibriados
Dithmenos
Elyvilon
Fedhas
Gozag
Hepliaklqana
Kikubaaqudgha
Makhleb
Nemelex Xobeh
Okawaru
Qazlal
Ru
Sif Muna
Trog
Uskayaw
Vehumet
Wu Jian
Xom
Yredelemnul
Zin
The Shining One
Lugonu

Annotations:
D:7 1 runed door, exclusion: oklob plant


Innate Abilities, Weirdness & Mutations

You are too large for most types of armour.
You have claws for hands.
Your metabolism is lightning-fast.
You like to eat raw meat.
Your natural rate of healing is unusually fast.
You are covered in fur. (AC +1)
You have very tough skin. (AC +2)


Message History

The fire bat bites you but does no damage.
You scratch the fire bat. The fire bat closely misses you.
The fire bat misses you. The fire bat closely misses you.
The fire bat bites you but does no damage.
The fire bat barely misses you.
You claw the fire bat! The fire bat completely misses you.
The fire bat misses you. The fire bat bites you.
You are engulfed in flames.
You take 6 damage, and have 57/111 hp.
The fire bat closely misses you.
The fire bat bites you but does no damage.
You barely miss the fire bat.
The fire bat bites you but does no damage.
You scratch the fire bat.
The fire bat bites you but does no damage.
You scratch the fire bat.
You kill the fire bat!
You start resting.
The air gets thick with the scent of sulphur.
You regained 10 hp, and now have 70/111 hp.
You start resting.
In the distance, the volcano erupts with a roar.
You regained 2 hp, and now have 72/111 hp.
You start resting.
Health restored: 111 You start waiting.
The air gets thick with the scent of sulphur.
You may need something to eat soon, looking for food.
Can't find anything matching that.
Sorry, you're not good enough to have a special ability.
In the distance, the volcano erupts with a roar.
As you open the door, it creaks loudly! 6 fire bats come into view.
You hear an angry hiss.
You hear an angry squeal.
The fire bat closely misses you.
Found a rocky tunnel leading out of this place.
You mangle the fire bat!!
You kill the fire bat!
The fire bat barely misses you.
You mangle the fire bat!!
The fire bat bites you but does no damage.
A hell hog and a fire dragon come into view.
You miss the fire bat.
The fire bat bites you but does no damage.
A fire bat comes into view.
You mangle the fire bat!!
You kill the fire bat!
The fire bat bites you but does no damage.
You scratch the fire bat. The fire bat bites you.
You are engulfed in flames.
You take 8 damage, and have 103/111 hp.
You closely miss the fire bat.
The fire bat bites you but does no damage.
A fire bat comes into view.
You barely miss the fire bat. The fire bat completely misses you.
The fire bat barely misses you.
A steam dragon comes into view.
You mangle the fire bat!!
You kill the fire bat!
The fire bat closely misses you.
The fire bat bites you but does no damage.
You mangle the fire bat!! You block the fire bat's attack.
The fire bat closely misses you.
You scratch the fire bat.
You kill the fire bat!
The fire bat misses you. The fire bat closely misses you.
You mangle the fire bat!!
You kill the fire bat!
The fire bat closely misses you. The fire dragon breathes flames at you.
The blast of flame hits the hell hog.
The hell hog resists.
The blast of flame misses the fire bat.
The blast of flame hits you!
You hear a bark!
You take 25 damage, and have 81/111 hp.
MASSIVE DAMAGE!!
You closely miss the fire bat. The fire bat barely misses you.
The fire bat bites you.
You are engulfed in flames.
You take 6 damage, and have 75/111 hp.
You scratch the fire bat. Your claw misses the fire bat.
The fire bat barely misses you. The fire bat completely misses you.
The steam dragon breathes steam at you.
The ball of steam hits the fire bat.
The fire bat resists.
The ball of steam hits the fire bat.
The fire bat resists.
The ball of steam hits you!
You take 7 damage, and have 68/111 hp.
The fire bat bites you but does no damage.
You barely miss the fire bat.
The fire bat bites you but does no damage.
The fire bat bites you.
You are engulfed in flames!
The fire dragon breathes flames at you.
The blast of flame hits the fire bat.
The fire bat completely resists.
The blast of flame hits the fire bat.
The fire bat completely resists.
The blast of flame hits you!
* * * LOW HITPOINT WARNING * * *
You take 57 damage, and have 11/111 hp.
MASSIVE DAMAGE!!
The fire bat bites you.
* * * LOW HITPOINT WARNING * * *
You are engulfed in flames!
You die...

. .. ########## ..#
##......#.## ..#
####..........#### D.#
#....≈≈≈≈§......8###D.#
.§..§≈≈≈§≈≈.....@bbhbD#
..≈≈≈≈§≈≈≈≈.....8###..#
≈≈§≈≈≈≈≈≈≈≈≈...### ..#
§≈§≈≈≈≈≈≈≈§≈...#### ..#
≈§§≈≈≈≈≈≈≈≈≈≈...#.# ..#
≈§§≈≈≈≈≈≈≈≈≈§≈...### ..
≈≈≈≈≈≈§§≈≈§≈§≈≈....# .
≈≈≈≈§§≈≈≈≈≈≈§§≈....#
≈≈§≈§≈≈≈≈≈≈§≈.....##


You could see a fire dragon, a hell hog, a steam dragon and 3 fire bats.

Vanquished Creatures
  2 two-headed ogres
  Pikel (D:6)
  Psyche (D:8)
  A spiny frog (Lair:1)
  2 komodo dragons
  Grinder (D:6)
  A hippogriff (Lair:1)
  A spriggan (D:7)
  A yak (Lair:1)
  12 fire bats (Volcano)
  2 wyverns
  Eustachio (D:5)
  A steam dragon (D:9)
  A small abomination (D:8)
  Edmund (D:6)
  A soldier ant (D:7)
  Duvessa (D:6)
  3 orc warriors
  3 porcupines (Lair:1)
  An ice beast (D:9)
  A slave (D:6)
  2 hornet zombies
  A necrophage (D:8)
  6 phantoms
  A sky beast (D:8)
  3 ogres
  3 centaurs
  2 crocodiles (Lair:1)
  5 bullfrogs
  A wyvern zombie (D:9)
  Dowan (D:6)
  2 scorpions (D:8)
  12 killer bees (D:7)
  A howler monkey (D:4)
  3 crimson imps
  6 lava snakes (Volcano)
  A centaur zombie (D:5)
  4 hounds
  4 orc priests
  2 centaur skeletons
  A jelly (D:9)
  8 orc wizards
  Crazy Yiuf (D:3)
  2 iguanas (D:7)
  Terence (D:3)
  10 worker ants
  A worker ant zombie (D:8)
  Robin (D:3)
  2 howler monkey zombies (D:5)
  7 adders
  A shadow imp (D:9)
  An ooze (D:1)
  2 worms
  A dart slug (D:2)
  5 leopard geckos
  30 orcs
  13 giant cockroaches
  10 goblins
  11 hobgoblins
  4 jackals
  3 quokkas
  A ball python (D:2)
  6 bats
  4 frilled lizards
  5 kobolds
  2 leopard gecko skeletons (D:5)
  A quokka zombie (D:5)
  A butterfly (D:7)
  A fungus (D:3)
235 creatures vanquished.

Vanquished Creatures (others)
  A slave (D:6)
  An orc (D:9)
  7 plants (D:9)
9 creatures vanquished.

Grand Total: 244 creatures vanquished

Notes
Turn   | Place    | Note
-------+----------+-------------------------------------------
     0 | D:1      | drasked the Troll Monk began the quest for the Orb.
     0 | D:1      | Reached XP level 1. HP: 22/22 MP: 0/0
   254 | D:1      | Reached XP level 2. HP: 26/29 MP: 1/1
   786 | D:2      | Reached XP level 3. HP: 36/36 MP: 2/2
   888 | D:2      | Reached skill level 4 in Unarmed Combat
  1307 | D:3      | Reached skill level 3 in Fighting
  1397 | D:3      | Noticed Terence
  1402 | D:3      | Killed Terence
  1402 | D:3      | Reached XP level 4. HP: 45/45 MP: 3/3
  1470 | D:3      | Noticed Robin
  1492 | D:3      | Killed Robin
  1529 | D:3      | Reached skill level 3 in Dodging
  1843 | D:3      | Found a runed door.
  1847 | D:3      | Noticed Crazy Yiuf
  1853 | D:3      | Killed Crazy Yiuf
  1853 | D:3      | Reached XP level 5. HP: 53/53 MP: 4/4
  2038 | D:4      | Reached skill level 5 in Unarmed Combat
  2068 | D:4      | Noticed a phantom
  2102 | D:4      | Killed a phantom
  2102 | D:4      | Reached XP level 6. HP: 39/62 MP: 5/5
  2330 | D:4      | Reached skill level 6 in Unarmed Combat
  2330 | D:4      | Reached XP level 7. HP: 48/68 MP: 6/6
  2620 | D:4      | Reached skill level 4 in Fighting
  2952 | D:5      | Entered Level 5 of the Dungeon
  2980 | D:5      | Reached skill level 4 in Dodging
  2994 | D:5      | Noticed Eustachio
  3009 | D:5      | Killed Eustachio
  3078 | D:5      | Reached skill level 7 in Unarmed Combat
  3084 | D:5      | Reached XP level 8. HP: 31/79 MP: 7/7
  3226 | D:5      | Found a staircase to the Ecumenical Temple.
  3234 | D:5      | Got a steaming spear
  3245 | Temple   | Entered the Ecumenical Temple
  3443 | D:5      | Identified Yckaliu's Catalogue of Envenoming and Curses
  4094 | D:6      | Found a snail-covered altar of Cheibriados.
  4132 | D:6      | Noticed Grinder
  4132 | D:6      | Paralysed by Grinder for 6 turns
  4151 | D:6      | Killed Grinder
  4151 | D:6      | Reached skill level 5 in Fighting
  4151 | D:6      | Reached skill level 8 in Unarmed Combat
  4175 | D:6      | Noticed Pikel
  4193 | D:6      | Killed Pikel
  4193 | D:6      | Reached skill level 5 in Dodging
  4247 | D:6      | Noticed Duvessa
  4247 | D:6      | Noticed Dowan
  4254 | D:6      | Killed Duvessa
  4254 | D:6      | Reached skill level 9 in Unarmed Combat
  4254 | D:6      | Reached XP level 9. HP: 71/88 MP: 8/8
  4255 | D:6      | Killed Dowan
  4282 | D:6      | Noticed Edmund
  4289 | D:6      | Killed Edmund
  4349 | D:6      | Found a glowing golden altar of the Shining One.
  4351 | D:6      | Found a burning altar of Makhleb.
  4414 | D:6      | Found a sparkling altar of Nemelex Xobeh.
  4642 | D:6      | Found a stormy altar of Qazlal.
  4652 | D:6      | Found an iron altar of Okawaru.
  4750 | D:7      | Found a shadowy altar of Dithmenos.
  4753 | D:7      | Noticed an oklob plant
  4855 | D:7      | Found a runed door.
  4868 | D:7      | Found a runed door.
  5039 | D:7      | Reached skill level 6 in Fighting
  5274 | D:7      | Reached skill level 6 in Dodging
  5274 | D:7      | Reached skill level 10 in Unarmed Combat
  6269 | D:8      | Noticed a two-headed ogre
  6282 | D:8      | Killed a two-headed ogre
  6282 | D:8      | Reached XP level 10. HP: 76/100 MP: 9/9
  6370 | D:8      | Found a corrupted altar of Lugonu.
  6414 | D:8      | Reached skill level 11 in Unarmed Combat
  6460 | D:8      | Reached skill level 7 in Fighting
  6680 | D:8      | Noticed Psyche
  6697 | D:8      | Killed Psyche
  6758 | D:8      | Found a transporter.
  6945 | D:8      | Found a transporter.
  6945 | D:8      | Noticed a green ugly thing
  6945 | D:8      | Noticed a green ugly thing
  6946 | D:8      | Noticed a brown ugly thing
  6947 | D:8      | Noticed a brown ugly thing
  6949 | D:8      | Got an ominously black robe
  6969 | D:8      | Identified the +2 robe "Mack" {rPois Str-5 Slay+2 Stlth+} (You found it on level 8 of the Dungeon)
  7095 | D:9      | Reached skill level 7 in Dodging
  7232 | D:9      | Found a staircase to the Orcish Mines.
  7289 | D:9      | Noticed a two-headed ogre
  7312 | D:9      | Killed a two-headed ogre
  7312 | D:9      | Reached skill level 12 in Unarmed Combat
  7432 | D:9      | Found a shadowy altar of Dithmenos.
  7549 | D:9      | Found an ornate altar of the Wu Jian Council.
  7747 | D:9      | Found a bloodstained altar of Trog.
  7822 | D:9      | Found a staircase to the Lair.
  7834 | Lair:1   | Entered Level 1 of the Lair of Beasts
  7834 | Lair:1   | Noticed a spiny frog
  7846 | Lair:1   | Killed a spiny frog
  7846 | Lair:1   | Reached XP level 11. HP: 55/110 MP: 10/10
  8316 | Lair:2   | Found a dark tunnel.
  8326 | Volcano  | Entered a volcano
  8452 | Volcano  | Reached skill level 8 in Fighting
  8709 | Volcano  | Noticed a hell hog
  8709 | Volcano  | Noticed a fire dragon
  8721 | Volcano  | HP: 11/111 [fire dragon/blast of flame (48)]
  8722 | Volcano  | Slain by a fire bat

Vault maps used:
D:1:      minmay_arrival_cross, nrook_mini_vaults
D:3:      first_bread, uniq_robin, uniq_terence, uniq_crazy_yiuf_cottage
D:5:      wad_crossroads, temple_statues, serial_undead, serial_undead_d,
          serial_undead_d, serial_undead_d, serial_undead_e, uniq_eustachio
D:6:      minitemple, amethyst_overflow_temple_binary, basic_altar,
          nemelex_lonely_heart_becter, uniq_duvessa, uniq_edmund, uniq_pikel,
          uniq_grinder
D:7:      lemuel_insect_pit, the_bakery, lemuel_oklob_altar
D:8:      gammafunk_corrupted_shrine, uniq_psyche
D:9:      old_standard_altar, kennysheep_little_box, david_lair_shrubbed,
          david_orc_2, grunt_dithmenos_shadows
Temple:   eino_temple_rhombus
Lair:1:   beast_lair_carwin_4
Lair:2:   swamp_mist_pool, minmay_snake_entry_guardpost_small, basic_altar,
          nicolae_volcano_entry_lava_flow, lemuel_old_faithful
Volcano:  volcano_grotto

Skill      XL: |  1  2  3  4  5  6  7  8  9 10 11 |
---------------+----------------------------------+-----
Unarmed Combat | 4 5 6 7 9 10 12 | 12.9
Fighting       | 3 4 5 6 7 8 |  8.1
Dodging        | 3 4 5 6 7 |  7.9
Stealth        | |  1.0

Action                   |  1- 3 |  4- 6 |  7- 9 | 10-12 || total
-------------------------+-------+-------+-------+-------++-------
Melee: Unarmed           |    81 |   131 |   281 |   264 ||   757
       Punch             |     2 |     3 |    15 |    13 ||    33
  Use: Scroll            |       |       |       |     1 ||     1
 Stab: Sleeping          |     2 |       |     3 |       ||     5
  Eat: Chunk             |    18 |     9 |    36 |    18 ||    81
Armor: Robe              |    28 |    31 |    69 |    88 ||   216
Dodge: Dodged            |    42 |    42 |   152 |   157 ||   393
Block: Other             |       |       |       |    11 ||    11

Vault maps used:
D:1:      minmay_arrival_cross, nrook_mini_vaults
D:3:      first_bread, uniq_robin, uniq_terence, uniq_crazy_yiuf_cottage
D:5:      wad_crossroads, temple_statues, serial_undead, serial_undead_d,
          serial_undead_d, serial_undead_d, serial_undead_e, uniq_eustachio
D:6:      minitemple, amethyst_overflow_temple_binary, basic_altar,
          nemelex_lonely_heart_becter, uniq_duvessa, uniq_edmund, uniq_pikel,
          uniq_grinder
D:7:      lemuel_insect_pit, the_bakery, lemuel_oklob_altar
D:8:      gammafunk_corrupted_shrine, uniq_psyche
D:9:      old_standard_altar, kennysheep_little_box, david_lair_shrubbed,
          david_orc_2, grunt_dithmenos_shadows
Temple:   eino_temple_rhombus
Lair:1:   beast_lair_carwin_4
Lair:2:   swamp_mist_pool, minmay_snake_entry_guardpost_small, basic_altar,
          nicolae_volcano_entry_lava_flow, lemuel_old_faithful
Volcano:  volcano_grotto

Table legend:
 A = Turns spent in this place as a percentage of turns spent in the entire game.
 B = Non-inter-level travel turns spent in this place as a percentage of non-inter-level travel turns spent in the entire game.
 C = Inter-level travel turns spent in this place as a percentage of turns spent in this place.
 D = Turns resting spent in this place as a percentage of non-inter-level travel turns spent in this place.
 E = Turns spent auto-exploring this place as a percentage of non-inter-level travel turns spent in this place.
 F = Non-inter-level travel turns spent in this place divided by the number of levels of this place that you've seen.
                   A       B       C       D       E      F
               +-------+-------+-------+-------+-------+----------------------
         Total | 100.0 | 100.0 |   0.4 |   1.7 |   8.1 | 262.5
       Dungeon |  88.6 |  88.5 |   0.4 |   1.4 |   8.5 | 335.7
        Temple |   1.2 |   1.1 |   2.5 |   0.0 |  38.5 |  39.0
          Lair |   5.4 |   5.4 |   0.0 |   2.2 |   1.1 |  92.5
       Volcano |   4.9 |   4.9 |   0.0 |   7.8 |   1.8 | 167.0
               +-------+-------+-------+-------+-------+----------------------

Table legend:
 A = Kills in this place as a percentage of kills in entire the game.
 B = Kills by you in this place as a percentage of kills by you in the entire game.
 C = Kills by friends in this place as a percentage of kills by friends in the entire game.
 D = Other kills in this place as a percentage of other kills in the entire game.
 E = Experience gained in this place as a percentage of experience gained in the entire game.
 F = Experience gained in this place divided by the number of levels of this place that you have seen.
                   A       B       C       D       E      F
               +-------+-------+-------+-------+-------+----------------------
         Total | 100.0 | 100.0 |  -nan |  -nan | 100.0 | 1182.9
       Dungeon |  87.5 |  87.5 |  -nan |  -nan |  69.4 | 1185.6
          Lair |   4.7 |   4.7 |  -nan |  -nan |  13.1 | 1009.0
       Volcano |   7.8 |   7.8 |  -nan |  -nan |  17.5 | 2690.0
               +-------+-------+-------+-------+-------+----------------------
